 Dungeon Crawl Stone Soup version 0.31.0-32-g396128a36d (webtiles) character file.

Game seed: 10673527020623756869

694 Marvel the Chopper (level 7, -3/61 HPs)
             Began as a Hill Orc Fighter on Mar 16, 2024.
             Killed by divine providence
             ... invoked by an orc priest
              (11 damage)
             ... on level 5 of the Dungeon.
             The game lasted 00:05:31 (3992 turns).

Marvel the Chopper (Hill Orc Fighter)               Turns: 3992, Time: 00:05:31

Health: -3/61      AC:  7    Str: 21    XL:     7   Next: 64%
Magic:  7/7        EV:  9    Int:  8    God:
Gold:   318        SH:  4    Dex: 10    Spells: 6/6 levels left

rFire   . . .        a - +0 war axe
rCold   . . .        c - +0 buckler
rNeg    . . .        b - +0 scale mail
rPois   .            (no helmet)
rElec   .            (no cloak)
rCorr   .            (no gloves)
SInv    .            (no boots)
Will    .....        (no amulet) Stlth
                     g - +4 ring of slaying
HPRegen 0.30/turn    (no ring)
MPRegen 0.10/turn

%: no passive effects
@: no status effects
A: no striking features
a: Convert to Beogh


You were on level 5 of the Dungeon.
You visited 1 branch of the dungeon, and saw 5 of its levels.

You collected 318 gold pieces.

Inventory:

Hand Weapons
 a - a +0 war axe (weapon)
Missiles
 q - 12 poisoned darts (quivered)
 v - 4 atropa-tipped darts
Armour
 b - a +0 scale mail (worn)
 c - a +0 buckler (worn)
Jewellery
 f - a ring of fire
 g - a +4 ring of slaying (left hand)
Wands
 t - a wand of paralysis (5)
Scrolls
 h - 2 scrolls of fog {unknown}
 j - 2 scrolls of noise {unknown}
 k - 3 scrolls of identify {unknown}
 l - a scroll of enchant armour {unknown}
 n - a scroll of brand weapon {unknown}
 u - a scroll of teleportation {unknown}
Potions
 d - a potion of might
 e - a potion of heal wounds
 i - 3 potions of curing {unknown}
 m - a potion of invisibility {unknown}
 o - 2 potions of attraction {unknown}
 p - 3 potions of haste {unknown}
 r - a potion of ambrosia {unknown}
 s - a potion of lignification {unknown}


   Skills:
 + Level 5.4 Fighting
 + Level 7.7 Axes
 + Level 5.4 Armour
 + Level 1.1 Dodging
 + Level 0.2 Stealth
 + Level 3.9 Shields


You had 6 spell levels left.
You didn't know any spells.
Your spell library contained the following spells:

 Spells                   Type           Power      Damage    Failure   Level
 Leda's Liquefaction      Alch/Erth      0%         N/A       100%        4
 Lee's Rapid Deconstruct  Erth           0%         3d4*      100%        5
 Bombard                  Conj/Erth      0%         9d1       100%        6


Dungeon Overview and Level Annotations

Branches:
Dungeon (5/15)
 Temple: D:4-7

Altars:
Dithmenos
Gozag


Message History

Something completely misses you.
An orc comes into view. It is wielding a +0 spear.
The orc priest mumbles some strange prayers to Beogh against you.
Pain shoots through your body! Something hits you but does no damage.
The orc priest casts a cantrip, but nothing happens.
The orc hits you with a +0 whip.
You slash something!
Reactivating autopickup.
You feel a bit more experienced.
You slash the orc!
You kill the orc!
The orc priest hits you from afar with a +0 trident.
The orc priest shouts, "Surrender to Beogh and we'll let you live!"
You slash the orc!
You kill the orc!
The orc priest barely misses you.
The orc priest invokes the aid of Beogh against you.
Beogh smites you!
* * * LOW HITPOINT WARNING * * *
The orc hits you but does no damage.
You see here a +0 whip.
You closely miss the orc priest.
The orc priest shouts, "Surrender to Beogh and we'll let you live!"
You slash the orc!
You kill the orc!
The orc priest mumbles some strange prayers to Beogh against you.
Beogh smites you!
* * * LOW HITPOINT WARNING * * *
It was a potion of heal wounds.
You feel much better.
The orc priest invokes the aid of Beogh against you.
Pain shoots through your body!
* * * LOW HITPOINT WARNING * * *
You slash the orc priest!
The orc priest is almost dead.
You block the orc priest's attack.
You closely miss the orc priest.
The orc priest is almost dead.
The orc priest invokes the aid of Beogh against you.
Beogh smites you!
You die...

#..# # #..#
########..# #.#..#
.......#..######.#..#
#....).....#...
#...)######.#.#
##....######.#.##
#.))?...<.......####
#.#....####..........
##..@### #.####.####
##$o# #.# #.# #..#
#.# #.# ###..# #.#
.#. . ..... ... # #
.. ##..# #.#
##.##..###....#
###......<..# #.#
#.....#..#g##


You could see an orc priest.

Vanquished Creatures
  Sigmund (D:4)
  A phantom (D:5)
  A bombardier beetle (D:3)
  A howler monkey (D:5)
  A hound (D:4)
  An orc priest (D:4)
  A gnoll bouda (D:5)
  3 orc wizards
  An iguana (D:5)
  3 gnolls
  6 adders
  3 dart slugs
  5 ribbon worms
  10 orcs
  14 ball pythons
  7 bats
  5 endoplasms
  A giant cockroach (D:1)
  12 goblins
  7 hobgoblins
  4 jackals (D:4)
  4 quokkas
  5 frilled lizards
  6 kobolds
  3 rats
106 creatures vanquished.

Notes
Turn   | Place    | Note
-------+----------+-------------------------------------------
     0 | D:1      | Marvel the Hill Orc Fighter began the quest for the Orb.
     0 | D:1      | Reached XP level 1. HP: 19/19 MP: 1/1
    66 | D:1      | Reached XP level 2. HP: 27/27 MP: 2/2
   207 | D:1      | Reached skill level 3 in Axes
   417 | D:1      | Reached XP level 3. HP: 33/33 MP: 3/3
   994 | D:2      | Reached skill level 4 in Axes
   994 | D:2      | Reached XP level 4. HP: 36/40 MP: 4/4
  1077 | D:2      | Identified the +3 ring mail "Zodeyj" {*Slow +Inv MP+9
                  | Int+5}
  1310 | D:2      | Reached XP level 5. HP: 44/46 MP: 5/5
  1427 | D:2      | Reached skill level 5 in Axes
  2411 | D:4      | Reached XP level 6. HP: 21/53 MP: 6/6
  2633 | D:4      | Noticed Sigmund
  2641 | D:4      | Killed Sigmund
  2642 | D:4      | Reached skill level 5 in Fighting
  2642 | D:4      | Reached skill level 6 in Axes
  2773 | D:5      | Entered Level 5 of the Dungeon
  2923 | D:4      | Found a shadowy altar of Dithmenos.
  3051 | D:4      | Found an opulent altar of Gozag.
  3091 | D:4      | Reached skill level 1 in Dodging
  3091 | D:4      | Reached XP level 7. HP: 60/61 MP: 7/7
  3738 | D:5      | Reached skill level 5 in Armour
  3869 | D:5      | Reached skill level 7 in Axes
  3989 | D:5      | HP: 1/61 [orc priest/divine providence (10)]
  3992 | D:5      | Killed from afar by an orc priest

Illustrated notes

Levels and vault maps discovered:
D:1:      wander_arrival_peaceful_grave, layout_basic
D:2:      layout_rooms
D:3:      layout_loops_cross
D:4:      layout_gridville, lemuel_doored_altar, mainiacjoe_overflow_24_doors,
          uniq_sigmund
D:5:      layout_loops_ring, kennysheep_little_box,
          minmay_temple_entry_enclosed_plants

Skill      XL: |  1  2  3  4  5  6  7 |
---------------+----------------------+-----
Axes           | 3 4 5 6 7 |  7.7
Fighting       | 4 5 |  5.4
Armour         | 4 5 |  5.4
Dodging        | 1 |  1.1
Stealth        | |  0.2
Shields        | |  3.9

Action                     |  1- 3 |  4- 6 |  7- 9 || total
---------------------------+-------+-------+-------++-------
  Melee: War axe           |    74 |   153 |    55 ||   282
    Use: Potion            |       |       |     1 ||     1
 Armour: Scale mail        |    50 |   110 |    49 ||   209
  Dodge: Dodged            |    35 |    79 |    21 ||   135
  Block: Buckler           |    16 |    24 |     8 ||    48
